[Event "2nd Serbia Open Masters 2022"]
[Site "Novi Sad"]
[Date "2022.07.02"]
[Round "5.33"]
[White "Vardaan Nagpal"]
[Black "Stremavicius, Titas"]
[Result "0-1"]
[ECO "D02"]
[WhiteElo "2357"]
[BlackElo "2508"]
[Annotator "TA"]
[PlyCount "84"]
[EventDate "2022.06.28"]
[EventType "swiss"]
[EventCountry "SRB"]
[SourceTitle "playchess.com"]
[Source "ChessBase"]
[SourceQuality "1"]
[TimeControl "40/5400+30:900+30"]

1. d4 d5 2. Nf3 Nf6 3. Bf4 c5 4. e3 Nc6 5. Nbd2 Nh5 6. dxc5 {[%emt 0:00:29] D02: 1 d4 d5 2 Nf3 sidelines, including 2...Nf6 3 g3 and 2...Nf6 3 Bf4.} Nxf4 7. exf4 g6 8. c3 {[%emt 0:00:37] White is slightly better.} Bg7 9. Nb3 {[%emt 0:05:52] Prevents d4.} O-O 10. Bb5 {[%emt 0:03:02] [#]} a5 $146 ({Predecessor:} 10... Bg4 11. h3 Bxf3 12. Qxf3 e6 13. O-O Ne7 14. a4 a6 15. Be2 a5 16. Bb5 b6 {½-½ (33) Puranik,A (2610)-Swapnil,S (2494) Jalgaon 2022}) 11. a4 Qc7 12. g3 Bh3 13. Bf1 (13. Ng5 $1 $14 {feels stronger.} Bf5 14. O-O (14. Qxd5 h6 $17)) 13... Bg4 $11 14. Be2 (14. Qxd5 Rad8 15. Qe4 e5 $17) 14... b6 15. cxb6 Qxb6 16. O-O Rab8 17. Nfd2 Bh3 18. Re1 d4 19. Rc1 Be6 {[%emt 0:15:51][%cal Re6b3] A strong pair of Bishops.} 20. Bb5 {[%emt 0:03:33][%cal Oe1e6] Hoping for Rxe6!} dxc3 21. bxc3 Na7 $1 22. c4 (22. Nc4 Qc7 23. Na3 Rfd8 $11) 22... Nxb5 23. cxb5 Rbc8 {[%emt 0:00:05] Prevents Nc4.} 24. Qe2 (24. Qf3 $1 $16) 24... Bc3 25. Red1 Rfd8 (25... Bxd2 $5 26. Nxd2 Rxc1 27. Rxc1 Qd4 $14) 26. Ne4 Bb4 27. Rxd8+ Qxd8 28. Rxc8 Qxc8 29. Nd4 (29. Qd3 $1 $14 {stays ahead.}) 29... Bd5 $19 {[%emt 0:01:33][%mdl 1024] aiming for ...Qc1+. Black has strong compensation.} 30. f3 (30. Nc6 {was called for.} Bxc6 31. bxc6 Qxc6 32. Qd3) 30... Qc1+ $1 31. Qf1 ({Much weaker is} 31. Kg2 Bc4 32. Qf2 f5) 31... Qe3+ 32. Qf2 Qa3 33. Kg2 {[%emt 0:05:37] [#]} Qxa4 (33... f5 $142 $1 34. Nc2 Qxa4 35. Nxb4 Qxb4) 34. Qe2 $2 {[%emt 0:00:37] [#]} (34. Qc2 $17 {was the only defense.} Qxc2+ 35. Nxc2) 34... Qa1 $2 (34... f5 $1 $19 35. Nf2 Bc5) 35. Nc6 $11 Qc1 {[%emt 0:01:01] ...Bc4 is the strong threat.} (35... f5 $5 36. Nf2 Qa3 $11) 36. Nxb4 axb4 {[%emt 0:00:16][%mdl 4096] Endgame KQB-KQN} 37. Nd2 {[%emt 0:00:08][%mdl 8192] Prevents Bc4.} (37. Qd3 $11 {and White is okay.} Bc4 38. Qd8+ Kg7 39. Qd4+ (39. Kh3 $2 Qf1+ 40. Kh4 Qxf3 $19) 39... f6 40. Nd2 Bxb5 41. Qxb4) 37... Qc2 38. Kf2 b3 39. Ke1 (39. b6 $142) 39... b2 $19 40. Qd1 Qc1 {[%emt 0:00:00] Black mates.} 41. Ke2 b1=Q 42. Nxb1 {[%emt 0:00:08] [#]} Bxf3+ $1 {[%emt 0:00:02][%mdl 512] Weighted Error Value: White=0.72/Black=0.22 (precise)} 0-1

[Event "2nd Serbia Open Masters 2022"]
[Site "Novi Sad"]
[Date "2022.07.02"]
[Round "5.34"]
[White "Zlatanovic, Boroljub"]
[Black "Sadikhov, Ulvi"]
[Result "0-1"]
[ECO "D00"]
[WhiteElo "2341"]
[BlackElo "2491"]
[Annotator "TA"]
[PlyCount "98"]
[EventDate "2022.06.28"]
[EventType "swiss"]
[EventCountry "SRB"]
[SourceTitle "playchess.com"]
[Source "ChessBase"]
[SourceQuality "1"]
[TimeControl "40/5400+30:900+30"]

1. d4 Nf6 2. Nc3 d5 3. Bf4 a6 4. e3 e6 5. g4 c5 6. g5 $1 {[%emt 0:06:59] D00: 1 d4 d5: Unusual lines.} Nfd7 7. Nf3 Nc6 8. Bg2 {[%emt 0:02:59] White has an edge.} Be7 {[%emt 0:14:56] [#]} 9. e4 $146 ({Predecessor:} 9. h4 O-O 10. a3 b5 11. h5 Bb7 12. Bh3 cxd4 13. exd4 e5 14. dxe5 d4 15. Ne4 Ncxe5 16. Nxe5 Nxe5 17. Bxe5 Bxe4 {0-1 (26) Agrest,E (2568)-Yilmazyerli,M (2413) Tornelo INT 2021}) 9... Nxd4 10. exd5 e5 11. Be3 O-O 12. Ne4 f5 13. d6 $1 fxe4 14. dxe7 Qxe7 15. Nd2 Nb6 {[%emt 0:01:21] Threatens to win with ...Bf5.} 16. Nxe4 (16. c3 $1 $15) 16... Nd5 ({Black should try} 16... Bf5 $1 $17 {Hoping for ...Rad8.} 17. O-O Rad8) 17. O-O $15 Bf5 {[%emt 0:10:34] Strongly threatening ...Nf4.} 18. Ng3 (18. c3 $1 $11 {was the only way to keep the balance.}) 18... Nf4 $1 $17 19. c3 Nde6 {[%emt 0:00:45] 0x0.00207cfb9d8ddp-1022s more active pieces. The white rooks are badly placed.} (19... Nxg2 $142 20. Nxf5 Nxf5 21. Qd5+ Kh8 22. Qxg2 Nh4) 20. h4 (20. Nxf5 $17 Rxf5 21. Be4 Rxg5+ 22. Kh1) 20... Rad8 $2 (20... Bd3 $19 21. Re1 Nxg2 22. Kxg2 Qd7) 21. Nxf5 $11 Rxf5 22. Qg4 Rff8 (22... Rdf8 $15) 23. Be4 Kh8 24. Rad1 h5 25. Qf3 Nxg5 $1 26. hxg5 Qxg5+ {[%emt 0:00:09] [#]} 27. Qg3 $2 (27. Qg2 $1 $11 Ne2+ 28. Kh2 Qh4+ 29. Qh3 Qxe4 30. Qxh5+ Qh7 31. Qxh7+ Kxh7 32. Bxc5) 27... Ne2+ $17 {[%emt 0:00:31][%cal Bf4e2,Be2g3,Bg3e4][%mdl 96] Pin, Double Attack} 28. Kg2 Nxg3 {[%emt 0:00:11][%mdl 64] Pin. Chess con chili.} 29. Bxg5 {[%emt 0:00:13] This bishop pair is nice.} Rxd1 30. Rxd1 Nxe4 {[%emt 0:00:08][%mdl 4096] Endgame KRB-KRN} 31. Be3 h4 32. Rd5 Rf5 33. f4 (33. Kh3 $17) 33... Kg8 ({Don't take} 33... exf4 34. Rxf5 fxe3 35. Rh5+ Kg8 36. Rxh4 $16) 34. Kf3 Nf6 35. Rxe5 Rxe5 36. fxe5 $19 {[%emt 0:00:04] KB-KN} Nd7 37. e6 {[%emt 0:00:22] [#]} Ne5+ 38. Kf4 {[%emt 0:01:17] [#]} h3 $1 39. Kg3 ({But not} 39. Kxe5 $2 h2 40. Bxc5 (40. e7 $2 Kf7 $19) 40... h1=Q $19) 39... h2 $1 40. Kg2 c4 41. b3 b5 (41... cxb3 $17 42. axb3 {[#]} Nf3 $1) 42. bxc4 $1 $15 bxc4 43. Bc5 {[%emt 0:01:20] [#]} Nf3 $1 44. Be7 (44. Bd6 g5) 44... g5 45. Bf6 $2 {[%emt 0:01:19][%mdl 8192] [#] This costs White the game.} (45. Bc5 $17) 45... Kf8 $1 {[%emt 0:05:12] Black mates.} 46. a4 {[%emt 0:00:09] [#]} (46. Bd8 Ke8) 46... Ke8 $1 47. Kh1 g4 48. Kg2 {[%emt 0:00:44] [#]} g3 $1 49. Kh1 Nd2 {[%emt 0:00:26] Weighted Error Value: White=0.35/Black=0.18 (very precise)} 0-1

[Event "2nd Serbia Open Masters 2022"]
[Site "Novi Sad"]
[Date "2022.07.02"]
[Round "5.35"]
[White "Fernandez, Daniel Howard"]
[Black "Savanovic, Aleksandar"]
[Result "*"]
[ECO "E06"]
[WhiteElo "2503"]
[BlackElo "2366"]
[Annotator "TA"]
[PlyCount "115"]
[EventDate "2022.06.28"]
[EventType "swiss"]
[EventCountry "SRB"]
[SourceTitle "playchess.com"]
[Source "ChessBase"]
[SourceQuality "1"]
[TimeControl "40/5400+30:900+30"]

1. Nf3 Nf6 2. c4 e6 3. g3 d5 4. Bg2 Be7 5. d4 O-O 6. Nc3 dxc4 7. Ne5 Nc6 8. Bxc6 bxc6 9. Nxc6 Qe8 10. Nxe7+ Qxe7 11. Qa4 c5 12. dxc5 {[%emt 0:00:40] The main line 12.dxc5 scores better than 12.Qxc4. E06: Closed Catalan: Early deviations.} Qxc5 13. Be3 Qc7 14. f3 {[%emt 0:01:22] Prevents Ng4.} Nd5 15. Nxd5 exd5 16. Bd4 {[%emt 0:00:08] Prevents Qe5.} Qe7 {[%emt 0:08:43] [#]} 17. Rd1 $146 ({Predecessor:} 17. Kf2 Re8 18. Rae1 a5 19. Qc2 Bh3 20. Qc3 Qg5 21. Qc1 Qf5 22. Qf4 Qxf4 23. gxf4 {½-½ (34) Deac,B (2497)-Parligras,M (2586) Olanesti 2016}) 17... Re8 18. Rd2 {[%emt 0:00:05] Active counter play!} Bh3 19. Kf2 {[%emt 0:00:27] Inhibits Bg2.} h5 20. Qa5 Qe6 21. Rhd1 a6 22. Qc3 Qg6 23. Be3 Be6 24. h3 Rab8 25. g4 hxg4 (25... h4 $11) 26. hxg4 $16 f6 27. Qa3 ({White should play} 27. Rh1 $16) 27... Rbd8 (27... Qh7 $11) 28. Rg1 ({Much worse is} 28. Qxa6 Bxg4 $1 29. Rxd5 Qh7 30. Rxd8 Qh2+ 31. Ke1 Qh1+ 32. Kf2 Qh2+ 33. Ke1 Qh1+ 34. Kf2 Qh2+ $11) 28... Qh7 29. Rd4 (29. Qc3 $5 ) 29... Qh2+ 30. Rg2 Qh4+ 31. Kf1 Bc8 32. Qa5 (32. g5 $5 Qh1+ 33. Rg1 Qh3+ 34. Kf2 $11 (34. Ke1 fxg5 35. Rxg5 Qe6 $15)) 32... Rd7 $1 33. Bf4 Qh1+ 34. Rg1 Qh3+ 35. Kf2 Qh4+ 36. Bg3 Qg5 {[%emt 0:31:51] Strongly threatening ...Qe3+.} 37. Qd2 {[%emt 0:01:18] Inhibits Qe3+.} (37. Qc3 {with more complications.} Rde7 38. Re1 Re3 39. Qd2) 37... Qxd2 (37... Rde7 {is interesting.} 38. Re1 Qxd2 39. Rxd2 Rb7) 38. Rxd2 Rb7 39. Bd6 Rb5 40. g5 {[%emt 0:00:00] Hoping for gxf6.} Kf7 41. gxf6 gxf6 42. Rh1 Re6 43. a4 Rb3 44. Bc5 Bb7 ({Better is} 44... c3 $14 45. bxc3 Rxc3 46. Rxd5 Re5 47. Rxe5 fxe5) 45. Bd4 Bc6 {[%emt 0:00:18] [#]} 46. Rdd1 $1 Bxa4 47. Rdg1 {[%emt 0:00:03] White wants to mate with Rh7+.} Ke7 48. Rg7+ {[%emt 0:00:51][%mdl 1024] White has strong compensation.} Kd6 49. Rh8 Be8 ({Black should try} 49... Re7 50. Rg6 Re6) 50. Ra7 Bb5 (50... a5 $16) 51. Rd8+ $18 Kc6 52. Rdd7 Ba4 53. Rac7+ Kb5 54. Rxd5+ Kb4 55. Rf5 Bb5 56. Bxf6 $2 (56. Rf7 $18) 56... Rbe3 $11 57. Bc3+ Kb3 58. Rcc5 {[%emt 0:00:18] Weighted Error Value: White=0.11 (very precise) /Black=0.13 (very precise)} *

[Event "2nd Serbia Open Masters 2022"]
[Site "Novi Sad"]
[Date "2022.07.02"]
[Round "5.36"]
[White "Karacsonyi, Gellert"]
[Black "Karthik Venkataraman"]
[Result "0-1"]
[ECO "B90"]
[WhiteElo "2338"]
[BlackElo "2480"]
[Annotator "TA"]
[PlyCount "70"]
[EventDate "2022.06.28"]
[EventType "swiss"]
[EventCountry "SRB"]
[SourceTitle "playchess.com"]
[Source "ChessBase"]
[SourceQuality "1"]
[TimeControl "40/5400+30:900+30"]

1. e4 c5 2. Nf3 d6 3. d4 cxd4 4. Nxd4 Nf6 5. Nc3 a6 6. h3 e5 7. Nde2 h5 {[%emt 0:00:06] B90: Sicilian Najdorf: Unusual White 6th moves, 6 Be3 Ng4 and 6 Be3 e5.} 8. g3 Be6 9. Bg2 Be7 {[%emt 0:00:08] The position is equal.} 10. O-O b5 11. a4 b4 12. Nd5 a5 {[%emt 0:03:15] [#]} 13. c4 $146 ({Predecessor:} 13. c3 bxc3 14. Nexc3 Nxd5 15. Nxd5 Nc6 16. Nxe7 Qxe7 17. Bd2 h4 18. g4 O-O 19. Bc3 {1-0 (50) Schoppen,C (2506)-Burg,T (2527) Belgium 2020}) 13... h4 14. g4 Na6 15. Be3 Nc5 16. Bxc5 dxc5 17. b3 Nd7 18. Kh1 Ra7 19. Qc2 Nb8 (19... O-O $11) 20. Rad1 Qc8 21. f4 exf4 $2 (21... f6 $14) 22. Qb2 (22. Rxf4 Nc6 $14) (22. Ndxf4 O-O $16) (22. Nexf4 $18 {Qb2 is the strong threat.} Nc6 23. Qf2) 22... f3 $16 23. Bxf3 O-O 24. Nef4 {[%emt 0:04:52] [#] Threatens to win with Nh5.} Nc6 $1 25. Nh5 {[%emt 0:08:06][%csl Gh5][%cal Rb2g7] Pair of Knights!} f6 26. g5 $2 (26. Qf2 $14 {keeps the upper hand.}) 26... Bxd5 $19 ({Don't do} 26... Bxh3 27. Rg1 Kh8 28. gxf6 Bxf6 29. Nhxf6 $18) 27. exd5 Qxh3+ 28. Qh2 Qxh2+ 29. Kxh2 Nd4 30. gxf6 Bd6+ 31. Kh3 g6 ({But not} 31... Nxb3 32. fxg7 Rxg7 33. Nxg7 Kxg7 34. Kxh4 $16) ({And not} 31... gxf6 32. Rde1 $17) 32. Ng7 {[%emt 0:00:52] [#]} (32. Rxd4 cxd4 33. Rg1) 32... Nxf3 {[%emt 0:05:27] Black is clearly winning.} 33. Rxf3 Rxg7 34. Kxh4 Rh7+ 35. Kg4 Re8 {[%emt 0:00:17] Weighted Error Value: White=0.79/Black=0.20 (precise)} 0-1

[Event "2nd Serbia Open Masters 2022"]
[Site "Novi Sad"]
[Date "2022.07.02"]
[Round "5.37"]
[White "Arjun Kalyan"]
[Black "Kochavi, Ori"]
[Result "1-0"]
[ECO "B11"]
[WhiteElo "2477"]
[BlackElo "2365"]
[Annotator "TA"]
[PlyCount "145"]
[EventDate "2022.06.28"]
[EventType "swiss"]
[EventCountry "SRB"]
[SourceTitle "playchess.com"]
[Source "ChessBase"]
[SourceQuality "1"]
[TimeControl "40/5400+30:900+30"]

1. e4 c6 2. Nc3 d5 3. Nf3 Bg4 4. h3 Bxf3 5. Qxf3 e6 6. Be2 d4 {[%emt 0:00:29] B11: Caro-Kann: Two Knights Variation.} 7. Nb1 Ne7 {[%emt 0:00:04] is more profitable than 7...Nd7 at the moment.} 8. d3 Ng6 {[%emt 0:00:09] White has an edge.} 9. g3 h5 10. h4 {[%emt 0:02:41] [#]} a5 $146 ({Predecessor:} 10... Nd7 11. Nd2 Be7 12. Qg2 Qc7 13. f4 e5 14. f5 Ngf8 15. c3 dxc3 16. bxc3 O-O-O {½-½ (41) Praggnanandhaa,R (2624)-Gukesh,D (2637) La Roda 2022}) 11. O-O a4 12. Qg2 Nd7 13. f4 e5 14. f5 Ne7 15. c3 c5 ({Black should play} 15... Nf6 $11) 16. Na3 $14 Nc6 17. c4 Be7 18. Bf3 Nf8 19. Qe2 g5 ({Better is} 19... Nb4) 20. f6 $16 (20. Bxh5 Nd7 $16) 20... Bxf6 21. Bxh5 gxh4 {[%emt 0:01:42] [#]} 22. Bg5 Bxg5 $11 23. Rxf7 {[%emt 0:00:08] White threatens Rh7+ and mate.} Be3+ 24. Qxe3 Rxh5 25. Qf3 Rh8 26. Rf1 (26. Rg7 Ne7 27. Qf7+ Kd7 28. Qd5+ Ke8 29. Qf7+ Kd7 30. Qd5+ Ke8 31. Qf7+ Kd7 $17) 26... Qg5 27. Rxf8+ Kd7 28. Rf7+ ({Wrong is} 28. Qf7+ $2 Ne7 29. Rxa8 Qxg3+ 30. Kh1 Qh3+ 31. Kg1 Rxa8 $19) 28... Ne7 {[%emt 0:00:03] ...Rag8 is the strong threat.} 29. Qf5+ Qxf5 30. R1xf5 ({Much worse is} 30. exf5 Raf8 31. Rg7 Rhg8 $17) 30... Ke8 31. R5f6 {[%emt 0:02:33] Strongly threatening Nb5.} Ra6 32. gxh4 (32. Nb5 $5 Kd7 33. Rf5 $11) 32... Rxf6 33. Rxf6 {[%emt 0:04:17][%mdl 4096] Endgame KRN-KRN} Nc6 34. Nb5 Ke7 35. Rf3 Rxh4 36. Nc7 Rg4+ 37. Kf2 Rh4 38. Kg1 {[%emt 0:00:00] Against Rh2} Rg4+ 39. Kf2 Rh4 {[%emt 0:00:03] And now ...Rh2+ would win.} 40. Nd5+ Ke8 41. Kg3 {[%emt 0:03:30] Against Rh2} Rh1 42. Nb6 Rg1+ (42... a3 $11 43. bxa3 Rg1+ 44. Kh4 Rg2) 43. Kf2 $16 Rb1 44. Nxa4 Nb8 45. Ke2 ({Don't do} 45. Nxc5 $6 Rxb2+ 46. Kg3 b6 $11) 45... Nd7 46. Kd2 (46. Rf1 $16 Rxf1 47. Kxf1) 46... Rh1 $14 47. Rf2 Ke7 48. a3 Ke6 49. Kc2 b6 50. Rg2 Kf7 51. b4 cxb4 {[%emt 0:05:55] This costs Black the game.} (51... Ra1 $16) 52. axb4 $18 Ra1 {[%emt 0:02:07] [#]} 53. Kb3 Rd1 54. Nb2 Rc1 (54... Ra1 {keeps fighting.} 55. Rc2 Ke8) 55. Rc2 Rxc2 (55... Rh1 $142 56. c5 bxc5 57. bxc5 Ke7) 56. Kxc2 {[%emt 0:00:41] KN-KN} Ke7 57. Kb3 Kd6 58. Na4 Kc7 59. b5 Nf6 60. c5 bxc5 61. Nxc5 {[%emt 0:00:02] Black must now prevent Kb4.} Kb6 62. Kb4 {[%emt 0:00:12] Hoping for Na4+.} Ng4 (62... Kc7 $18 63. Ka5 Kd6) 63. Na4+ Kb7 64. Kc5 {[%emt 0:00:22] Threatening mate with Nb2.} Nf2 65. Nb2 {[%emt 0:00:10] White wants to mate with b6.} Kc7 66. b6+ {[%emt 0:00:10][%cal Bb5b6,Bb6b7][%mdl 32] White mates.} Kb7 67. Kb5 Kb8 68. Kc6 Kc8 69. b7+ Kb8 70. Nc4 Nxd3 71. Kb6 Nb2 72. Nxb2 d3 73. Kc6 {[%emt 0:00:06] Weighted Error Value: White=0.05 (flawless) /Black=0.20 (precise)} 1-0

[Event "2nd Serbia Open Masters 2022"]
[Site "Novi Sad"]
[Date "2022.07.02"]
[Round "5.38"]
[White "Hristodoulou, Panagiotis"]
[Black "Nitish Belurkar"]
[Result "1/2-1/2"]
[ECO "B29"]
[WhiteElo "2328"]
[BlackElo "2452"]
[Annotator "TA"]
[PlyCount "94"]
[EventDate "2022.06.28"]
[EventType "swiss"]
[EventCountry "SRB"]
[SourceTitle "playchess.com"]
[Source "ChessBase"]
[SourceQuality "1"]
[TimeControl "40/5400+30:900+30"]

1. e4 c5 2. Nf3 e6 3. g3 Nf6 4. e5 Nd5 5. Bg2 Nc6 6. O-O d6 7. exd6 Bxd6 {[%emt 0:00:15] B29: Sicilian: 2 Nf3 Nf6 (Nimzowitsch Variation).} 8. d4 O-O 9. Re1 {[%emt 0:13:51] [#]} h6 $146 ({Predecessor:} 9... cxd4 10. Nxd4 Bc5 11. Nxc6 bxc6 12. Nd2 Qb6 13. Ne4 Be7 14. c4 Nf6 15. c5 Qb5 {1-0 (34) Meissner,F (2362)-Ramirez Alvarez,A (2567) Chess.com INT 2020}) 10. a3 b5 11. a4 b4 12. c4 bxc3 13. Nxc3 Ncb4 14. Ne4 cxd4 15. Nxd6 Qxd6 16. Nxd4 Ba6 {[%emt 0:00:12] [#]} 17. Bxh6 $1 gxh6 18. Qg4+ Kh8 {[%emt 0:00:06] [#]} 19. Nxe6 $1 fxe6 $11 {[%emt 0:00:10] The position is equal.} 20. Rxe6 {[%emt 0:00:05] Really sharp!} Nf6 21. Rxd6 (21. Qh3 Qd2 22. Bxa8 Bc8 $17) 21... Nxg4 {[%emt 0:00:07] Pair of Knights!} 22. Bxa8 Rxa8 23. Re1 {[%emt 0:00:05] Prevents Re8.} Nxf2 24. Rxh6+ Kg7 25. Ree6 {[%emt 0:01:03] Hoping for Reg6+.} ({Of course not} 25. Rxa6 Nxa6 26. Kxf2 Nc5 27. Re7+ Kf6 $17) 25... Ne4 26. Rxa6 Nxa6 27. Rxa6 {[%emt 0:00:06][%cal Bh6a6,Ba6a5,Ba5b5][%mdl 4128] Endgame KRN-KR} Nc5 28. Ra5 Nd3 29. Rb5 Kf6 30. Kg2 Rc8 31. Ra5 Rc2+ 32. Kf3 Rxh2 33. Rxa7 Rxb2 34. Ke4 Rb3 35. Ra6+ Ke7 {[%emt 0:00:49] White must now prevent ...Nc5+.} 36. Kf5 Nc5 37. Ra7+ Kd6 38. g4 Rf3+ 39. Kg6 Rf4 40. g5 Nxa4 41. Kh7 Rh4+ 42. Kg7 Nc5 43. g6 Ne6+ 44. Kg8 Ke5 45. g7 Kf6 46. Rf7+ Kg6 47. Rf6+ Kxf6 {[%emt 0:00:05] Weighted Error Value: White=0.04 (flawless) /Black=0.03 (flawless)} 1/2-1/2

[Event "2nd Serbia Open Masters 2022"]
[Site "Novi Sad"]
[Date "2022.07.02"]
[Round "5.39"]
[White "Koutlas, Nikolaos"]
[Black "Rozen, Eytan"]
[Result "1/2-1/2"]
[ECO "B12"]
[WhiteElo "2251"]
[BlackElo "2425"]
[Annotator "TA"]
[PlyCount "139"]
[EventDate "2022.06.28"]
[EventType "swiss"]
[EventCountry "SRB"]
[SourceTitle "playchess.com"]
[Source "ChessBase"]
[SourceQuality "1"]
[TimeControl "40/5400+30:900+30"]

1. e4 c6 2. d4 d5 3. e5 c5 4. Nf3 cxd4 5. Qxd4 Nc6 6. Qf4 {[%emt 0:00:06] B12: Caro-Kann: Advance Variation.} g6 {[%emt 0:03:29] White must now prevent ...Bh6.} 7. Nc3 (7. Ng5 f6 8. exf6 Nxf6 $17) 7... Bg7 {[%emt 0:05:21] [#]} (7... e6 $14) 8. Be3 $146 {[%emt 0:11:36] White is better.} ({Predecessor:} 8. Nxd5 Bh6 9. Qc4 Be6 10. Bxh6 Nxh6 11. O-O-O Qa5 12. Qb5 Qxb5 13. Nc7+ {1-0 (34) Eg,K (1872)-Nickel,J (1788) Heusenstamm 2018}) 8... f6 9. Bb5 {[%emt 0:13:05] Hoping for 0-0-0.} e6 10. exf6 Nxf6 11. Bc5 Bf8 12. Bxf8 {[%emt 0:02:26] White is much more active.} Rxf8 13. O-O Bd7 14. Bxc6 bxc6 15. Rfe1 Qb8 16. Qd4 (16. Ne5 $1 $18) 16... Qd6 (16... Qxb2 $2 17. Rab1 Qxc2 18. Rb7 $18) (16... Qb6 $16) 17. Na4 $18 Nh5 (17... Kf7 $142 18. Ne5+ Kg8) 18. Ng5 Rf4 19. Qh8+ Rf8 20. Qc3 {[%emt 0:04:14] Threatens to win with Nc5.} (20. Qxh7 O-O-O $11) 20... Qf4 $2 (20... Rf5) 21. Rxe6+ Kd8 22. Qa5+ (22. Qc5 Rb8 23. Rae1 Qb4 $18) 22... Kc8 23. Qc5 Rf5 (23... Rb8 $142 24. g3 (24. Rxc6+ Bxc6 25. Qxc6+ Qc7 $18) 24... Qxf2+ 25. Qxf2 Rxf2) 24. Rxc6+ Bxc6 25. Qxc6+ Kb8 26. Qb5+ Kc8 {[%emt 0:00:17] [#]} 27. Qa6+ (27. Nc5 $142 $1 Qc7 28. Nge6 Nf6 29. Qa6+ Kb8 30. Nxc7 Kxc7 31. Re1 Ne4 32. Qb7+ Kd6 33. Nxe4+ dxe4 34. Qxe4) 27... Kb8 28. Nf3 {[%emt 0:01:31] aiming for Nc5.} Qc4 {[%emt 0:00:35] Against Nc5} 29. Qd6+ Qc7 30. Qb4+ Qb7 31. Qc3 Nf6 32. Nc5 {[%emt 0:00:54] Pair of Knights!} Ne4 33. Nxe4 (33. Nxb7 Nxc3 34. Nc5 Ne4 $14) 33... dxe4 34. Ne5 Qc7 35. Qb4+ Qb7 36. Qd4 (36. Qd6+ Qc7 37. Qb4+ Qb7 $18) 36... Qc7 37. Nd7+ Kb7 38. Rd1 $2 {[%emt 0:02:36] Really sharp!} ({Don't play} 38. Qxe4+ $6 Qc6 39. Qe7 Rc8 $16) (38. g4 $1 $18 {[%cal Rg4f5] and the rest is easy.} Rd8 39. Qxe4+ Qc6 40. gxf5 $1 Rxd7 41. Qxc6+ Kxc6 42. fxg6) 38... Rd8 $2 (38... Rc8 $16 {was called for.}) 39. Qxe4+ Qc6 {[%emt 0:00:17] [#]} 40. Nc5+ Rxc5 41. Qxc6+ Rxc6 42. Rxd8 Rxc2 {[%emt 0:00:03][%mdl 4096] Endgame ( -> ...Rc1+). KR-KR} 43. h4 ({Not} 43. Rd7+ Kc6 44. Rd1 Rxb2 $11) 43... Rxb2 $2 (43... Rc7 44. Rd6 Kc8) 44. Rd7+ Kb8 (44... Kc8 $142 45. Rxa7 Kd8 46. Rxh7 Ke8) 45. Rxh7 Rxa2 46. Rh6 Ra6 47. g4 Kc7 48. Kg2 {[%emt 0:00:20] h5 is the strong threat.} Rd6 49. h5 gxh5 50. Rxh5 Kb6 51. Rh8 a5 52. g5 a4 53. Ra8 $2 (53. f4 Kc5 54. Kf3) 53... Rd4 $2 (53... Kb5 54. f4 Kb4) 54. Kg3 Kb7 55. Re8 a3 56. Re1 a2 57. f4 Ra4 58. Ra1 Kc6 {[%emt 0:00:37] [#]} 59. g6 $1 Ra8 60. Kg4 $2 ({White should play} 60. g7 $18 {[%cal Oa1a2] Strongly threatening Rxa2!} Rg8 61. Rxa2 Rxg7+ 62. Kh4) 60... Kd6 $11 {[%emt 0:00:29] The position is equal.} 61. g7 {[%emt 0:02:09] And now Kh5 would win.} Ke7 $1 62. Kg5 {[%emt 0:01:40] White wants to mate with Kg6.} Kf7 63. Kh6 Ra3 64. f5 Rh3+ 65. Kg5 Rg3+ 66. Kf4 Rg2 67. Kf3 Rg5 68. Ke4 Rg2 69. f6 Kxf6 70. Rxa2 {[%emt 0:00:03] Black defended with fortune.  Weighted Error Value: White=0.42/Black=0.70} 1/2-1/2